 Dungeon Crawl Stone Soup version 0.20-a0-1017-gc3250ce (webtiles) character file.

598 mopl the Sneak (level 7, -14/38 HPs)
             Began as a Deep Elf Assassin on Apr 16, 2017.
             Shot with an arrow by a centaur (16 damage)
             ... on level 5 of the Dungeon.
             The game lasted 00:07:29 (3910 turns).

mopl the Sneak (Deep Elf Assassin)                  Turns: 3910, Time: 00:07:30

Health: -14/38     AC:  5    Str:  8    XL:     7   Next: 17%
Magic:  9/9        EV: 12    Int: 16    God:
Gold:   194        SH:  0    Dex: 18    Spells: 6/6 levels left

rFire    . . .     SeeInvis .   a - +2 dagger
rCold    + . .     Gourm    .   (no shield)
rNeg     . . .     Faith    .   c - +0 robe
rPois    .         Spirit   .   (no helmet)
rElec    .         Reflect  .   F - +2 cloak {MR+}
rCorr    .         Harm     .   (no gloves)
MR       ++...                  (no boots)
Stlth    ++++......             q - amulet of regeneration
Regen    0.6/turn               E - ring of protection from magic
MPRegen  0.2/turn               D - ring of protection from cold (curse)

@: no status effects
A: no striking features
a: no special abilities


You were on level 5 of the Dungeon.
You were not hungry.

You visited 1 branch of the dungeon, and saw 5 of its levels.

You collected 194 gold pieces.

Inventory:

Hand Weapons
 a - a +2 dagger (weapon)
 b - a +0 blowgun
Missiles
 e - 32 poisoned needles
 C - a throwing net (quivered)
 G - 2 tomahawks
Armour
 c - a +0 robe (worn)
 h - a +0 shield
 F - a +2 cloak of magic resistance (worn)
Jewellery
 j - an uncursed amulet of magic regeneration
 p - an uncursed ring of protection from cold
 q - an amulet of regeneration (around neck)
 D - a cursed ring of protection from cold (right hand)
 E - a ring of protection from magic (left hand)
Scrolls
 k - a scroll of amnesia {unknown}
 o - a scroll of random uselessness {unknown}
 r - a scroll of fear {unknown}
 s - 3 scrolls of teleportation {unknown}
 t - 2 scrolls of remove curse {unknown}
 u - 4 scrolls of identify {unknown}
 v - a scroll of magic mapping {unknown}
 y - a scroll of fog {unknown}
 B - a scroll of recharging {unknown}
 H - a scroll of enchant armour {unknown}
Potions
 f - a potion of heal wounds {unknown}
 i - a potion of cancellation {unknown}
 n - a potion of curing {unknown}
 w - 2 potions of brilliance {unknown}
 z - a potion of lignification {unknown}
 A - a potion of haste {unknown}
Comestibles
 d - 3 fruits
 g - 5 bread rations
 l - a meat ration
 m - 3 royal jellies
 x - 2 chunks of flesh


   Skills:
 - Level 1.5 Fighting
 + Level 4.5 Short Blades
 + Level 4.8 Throwing
 - Level 1.2 Dodging
 + Level 7.8 Stealth


You had 6 spell levels left.
You didn't know any spells.

Dungeon Overview and Level Annotations

Branches:
Dungeon (5/15)
 Temple: D:4-7

Altars:
Cheibriados
Dithmenos
Elyvilon


Message History

You hit the centaur but do no damage.
You hear an angry hiss.
The centaur hits you with a flail!
You hear a howl!
You barely miss the centaur.
The centaur hits you but does no damage.
A howler monkey comes into view.
The centaur unwields an uncursed flail.
The centaur wields a shortbow.
The centaur shoots an arrow.
The arrow hits you!
The howler monkey moves out of view.
You see here an arrow.
An orc comes into view.
The howler monkey hits you.
The centaur shoots an arrow.
The arrow hits you!
* * * LOW HITPOINT WARNING * * *
The howler monkey hits you.
* * * LOW HITPOINT WARNING * * *
You see here an arrow.
The centaur shoots an arrow.
The arrow hits you!
You die...

#.##..###
###.####..##########
.....#####..#.......
##..)<.# ##.'..⌠8⌠..
##.....###..#.......
.....###..##########
##..##..###.# ###
#...(#####.#######c#######
######.........@(.#.c....#
####.#...##.######h.####.##
....................#
####.........#####.##
#.#...#..... ...[
####)##.##..........
#....#####.......o...
#.##.# #..##.###.#♣ #
#†#####.. #. #.#


You could see a centaur and a howler monkey.

Vanquished Creatures
  2 ogres
  A gnoll shaman (D:4)
  A hound (D:4)
  An orc priest (D:5)
  3 orc wizards
  3 worker ants
  4 gnolls (D:4)
  4 adders
  A shadow imp (D:4)
  An adder skeleton (D:4)
  2 worms
  4 dart slugs
  2 leopard geckos
  11 orcs
  2 ball pythons
  4 giant cockroaches
  6 goblins
  8 hobgoblins
  6 jackals
  2 quokkas
  7 bats
  3 frilled lizards
  10 kobolds
  A quokka skeleton (D:4)
  11 rats
100 creatures vanquished.

Notes
Turn   | Place    | Note
-------+----------+-------------------------------------------
     0 | D:1      | mopl the Deep Elf Assassin began the quest for the Orb.
     0 | D:1      | Reached XP level 1. HP: 12/12 MP: 3/3
   275 | D:1      | Reached skill level 5 in Stealth
   275 | D:1      | Reached XP level 2. HP: 16/16 MP: 4/4
   962 | D:1      | Reached XP level 3. HP: 18/20 MP: 5/5
  1261 | D:2      | Reached skill level 3 in Throwing
  1713 | D:2      | Reached XP level 4. HP: 25/25 MP: 6/6
  2144 | D:3      | Found a snail-covered altar of Cheibriados.
  2207 | D:3      | Reached skill level 6 in Stealth
  2492 | D:3      | Found a white marble altar of Elyvilon.
  2528 | D:3      | Reached skill level 3 in Short Blades
  2751 | D:4      | Noticed an ogre
  2754 | D:4      | Killed an ogre
  2754 | D:4      | Reached XP level 5. HP: 29/29 MP: 7/7
  2976 | D:4      | Reached skill level 4 in Throwing
  2980 | D:4      | Reached XP level 6. HP: 25/34 MP: 8/8
  3067 | D:4      | Reached skill level 7 in Stealth
  3210 | D:4      | Found a shadowy altar of Dithmenos.
  3421 | D:4      | Reached skill level 4 in Short Blades
  3770 | D:5      | Entered Level 5 of the Dungeon
  3771 | D:5      | Reached XP level 7. HP: 38/38 MP: 9/9
  3909 | D:5      | HP: 1/38 [howler monkey (2)]
  3910 | D:5      | Shot with an arrow by a centaur

Vault maps used:
D:1:      dpeg_arrival_stone_temple_mockup
D:2:      serial_park_tiny_pond
D:3:      old_standard_altar, lemuel_tele_altar
D:4:      nicolae_dithmenos_shadow_blocks
D:5:      minitemple, first_bread, serial_bayou_pond_e, grunt_decor_clamped

Skill      XL: |  1  2  3  4  5  6 |
---------------+-------------------+-----
Stealth        | 5 6 7 |  7.8
Throwing       | 3 4 |  4.8
Short Blades   | 3 4 |  4.5
Fighting       | |  1.5
Dodging        | |  1.2

Action                   |  1- 3 |  4- 6 |  7- 9 || total
-------------------------+-------+-------+-------++-------
Melee: Dagger            |   127 |   152 |    13 ||   292
 Fire: Blowgun           |    16 |    86 |     7 ||   109
 Stab: Sleeping          |     9 |    13 |     1 ||    23
       Distracted        |     1 |       |       ||     1
  Eat: Chunk             |     2 |     7 |       ||     9
Armor: Robe              |    28 |    23 |     2 ||    53
Dodge: Dodged            |    54 |    84 |     7 ||   145
